Map: King Sejong Station LE

Players

Howitzer - Winner!

  • Race: Protoss Protoss
  • League: Master

GlaDiAtoR

  • Race: Terran Terran
  • League: Master

VOD

https://youtu.be/3_Z289M6-Gc

Description

Time

  • Played on: Oct. 30, 2016, 2:54 p.m.
  • Length: 5:43
Show
View Real Time Build Order
Export as new Build Order

Howitzer Protoss - Winner!

Build Orders: Oracle Opening 

Get SALT Encoding   

  12  0:08  Pylon  
  12  0:13  Probe (Chrono Boost)  
  13  0:26  Gateway  
  13  0:30  Probe (Chrono Boost)  
  14  0:40  Probe (Chrono Boost)  
  14  0:41  Assimilator  
  15  0:51  Probe (Chrono Boost)  
  15  0:52  Assimilator  
  16  1:01  Probe (Chrono Boost)  
  17  1:12  Probe (Chrono Boost)  
  17  1:13  Cybernetics Core  
  18  1:22  Probe (Chrono Boost)  
  19  1:30  Pylon  
  19  1:34  Probe (Chrono Boost)  
  20  1:44  Probe (Chrono Boost)  
  21  1:50  Stargate  
  21  1:58  Mothership Core (Chrono Boost)  
  23  2:04  Pylon  
  23  2:08  Warp Gate  
  23  2:16  Probe (Chrono Boost)  
  24  2:27  Probe (Chrono Boost)  
  24  2:29  Oracle  
  27  2:49  Probe (Chrono Boost)  
  28  2:54  Gateway  
  28  3:00  Oracle  
  28  3:02  Gateway  
  31  3:31  Void Ray  
  31  3:38  Pylon  
  35  4:14  Stalker x2  
  43  4:18  Pylon  
  43  4:19  Stalker  
  43  4:20  Void Ray  
  43  4:38  Stalker  
  43  4:41  Pylon  
  43  4:44  Stalker  
  47  4:53  Stalker  
  47  4:58  Pylon  
  49  5:37  Stalker x3  
Show
View Real Time Build Order
Export as new Build Order

GlaDiAtoR Terran 

Build Orders: Reaper Expand 

Get SALT Encoding   

  12  0:00  SCV  
  13  0:14  SCV  
  14  0:17  Supply Depot  
  14  0:26  SCV  
  15  0:29  Refinery  
  15  0:39  SCV  
  16  0:45  Barracks  
  16  0:51  SCV  
  17  1:03  SCV  
  18  1:15  SCV  
  19  1:32  Reaper  
  21  1:34  Orbital Command  
  20  1:42  Command Center, Unknown  
  20  1:57  Factory  
  20  2:00  SCV  
  21  2:07  Marine  
  22  2:13  SCV  
  23  2:16  Supply Depot  
  23  2:30  Bunker  
  23  2:38  Marine, SCV  
  25  2:44  Factory Tech Lab  
  25  2:49  Refinery  
  25  2:50  SCV  
  26  2:53  Unknown  
  26  2:55  Orbital Command  
  26  2:56  Marine  
  27  3:02  SCV, Engineering Bay  
  27  3:13  Marine  
  27  3:14  SCV  
  25  3:24  SCV  
  25  3:26  SCV  
  25  3:38  Widow Mine  
  27  3:41  Starport  
  27  3:42  Barracks Reactor  
  25  3:48  SCV x2  
  24  4:00  SCV x2  
  24  4:02  Engineering Bay  
  26  4:12  SCV  
  26  4:13  SCV  
  28  4:25  SCV x2  
  30  4:37  SCV x2  
  32  4:41  Marine x2, Siege Tank  
  32  4:45  Missile Turret  
  37  4:49  SCV x2  
  37  4:50  Missile Turret  
  39  5:01  SCV x2  
  39  5:04  Supply Depot, Medivac  
  43  5:12  Supply Depot  
  43  5:13  SCV x2  
  36  5:25  SCV  
Tags
 
Add a new tag
Caveats
  • Supply blocks, unpowered buildings, or Contaminate may cause inaccurate times.
  • Supply counts are checked every 10 seconds.